 Dungeon Crawl Stone Soup version 0.20.1-1-g8b1a95d (console) character file.

135 hilaritas the Poker (level 5, -4/42 HPs)
             Began as a Merfolk Wanderer on Dec 31, 2017.
             Slain by an ogre
             ... wielding a +0 giant club
              (13 damage)
             ... on level 4 of the Dungeon.
             The game lasted 00:06:53 (2760 turns).

hilaritas the Poker (Merfolk Wanderer)              Turns: 2760, Time: 00:06:54

Health: -4/42      AC:  7    Str:  8 (11) XL:     5   Next: 18%
Magic:  5/5        EV: 12    Int: 16 (18) God:
Gold:   160        SH:  0    Dex: 15 (16) Spells: 4/4 levels left

rFire    . . .     SeeInvis .   v - +2 spear (venom)
rCold    + . .     Gourm    .   (no shield)
rNeg     . . .     Faith    .   b - +0 ring mail
rPois    .         Spirit   .   (helmet restricted)
rElec    .         Reflect  .   (no cloak)
rCorr    .         Harm     .   (no gloves)
MR       .....                  g - +1 pair of boots
Stlth    ++........             (no amulet)
Regen    0.2/turn               o - +5 ring of intelligence
MPRegen  0.1/turn               u - ring of protection from cold

@: flying
A: change form in water, swift swim, stealthy swim, horns 1, agile 1,
deterioration 1, sturdy frame 1
a: no special abilities


You were on level 4 of the Dungeon.
You were not hungry.

You visited 1 branch of the dungeon, and saw 4 of its levels.

You collected 160 gold pieces.

Inventory:

Hand Weapons
 e - a +0 spear
 v - a +2 spear of venom (weapon)
Armour
 b - a +0 ring mail (worn)
 g - a +1 pair of boots (worn)
Jewellery
 o - a +5 ring of intelligence (left hand)
 u - a ring of protection from cold (right hand)
Wands
 k - a wand of random effects (27/48)
Scrolls
 j - 3 scrolls of teleportation
 s - a scroll of remove curse
Potions
 a - 2 potions of might
 c - a potion of haste {unknown}
 d - a potion of ambrosia
 h - a potion of invisibility
 i - a potion of brilliance
 l - a potion of magic
Comestibles
 f - a bread ration
 m - 2 royal jellies
 p - 3 fruits
 r - a meat ration
 w - 2 chunks of flesh


   Skills:
 + Level 3.9 Fighting
   Level 1.0(1.8) Axes
 * Level 4.4(4.8) Polearms
   Level 1.0(1.8) Staves
 - Level 1.0 Throwing
 - Level 1.0 Armour
 + Level 3.6 Dodging
 * Level 2.5 Stealth
 - Level 1.0 Evocations


You had 4 spell levels left.
You didn't know any spells.

Dungeon Overview and Level Annotations

Branches:
Dungeon (4/15)
 Temple: D:4-7

Altars:
Gozag
Sif Muna
Trog

Annotations:
D:2 2 transporters


Innate Abilities, Weirdness & Mutations

You revert to your normal form in water.
You are very nimble and swift while swimming.
You are very stealthy in the water. (Stealth+)
You have a pair of small horns on your head.
You are agile. (Dex +2)
Your body sometimes deteriorates upon taking damage.
Your movements are slightly less encumbered by armour. (ER -2)


Message History

Your life force feels restored.
You have reached level 5!
You feel agile.
You barely miss the ogre. The ogre hits you with a giant club!
You hit the ogre.
The ogre is poisoned.
The ogre is lightly wounded.
The ogre hits you with a giant club!
* * * LOW HITPOINT WARNING * * *
It was a potion of mutation.
You feel extremely strange.
You feel agile. A pair of horns grows on your head!
You feel yourself wasting away.
You feel less encumbered by your armour.
It was a potion of flight.
You feel very buoyant.
You fly up into the air.
The ogre misses you.
It was a potion of degeneration.
There was something very wrong with that liquid.
You feel weakened.
You feel dopey.
You feel clumsy. The ogre hits you with a giant club!
You die...

#####.#######
#........#
#.###.##.###
#......# #....#.#
## #.#..#.# .o.
#......# o...
...#####..###
.....SS........#
.#...S######...####
.....ooO@.........+
.##.########...####
##.## #..# ##.# .#
.#


You could see an ogre, 2 orcs and a ball python.

Vanquished Creatures
  An orc priest (D:3)
  A worker ant (D:4)
  An adder (D:3)
  2 worms (D:2)
  2 dart slugs
  3 leopard geckos
  6 orcs
  4 bats
  3 giant cockroaches
  9 goblins
  3 hobgoblins
  2 jackals (D:2)
  2 quokkas
  5 frilled lizards
  A kobold (D:3)
  7 rats
52 creatures vanquished.

Notes
Turn   | Place    | Note
-------+----------+-------------------------------------------
     0 | D:1      | hilaritas the Merfolk Wanderer began the quest for the Orb.
     0 | D:1      | hilaritas set off with: a +2 hand axe, a +0 quarterstaff, a potion of lignification, a +0 robe, a bread ration
     0 | D:1      | Reached XP level 1. HP: 18/18 MP: 1/1
   179 | D:1      | Reached skill level 1 in Stealth
   284 | D:1      | Reached XP level 2. HP: 24/24 MP: 2/2
   689 | D:2      | Found an opulent altar of Gozag.
   734 | D:2      | Noticed a scorpion
   735 | D:2      | Found a bloodstained altar of Trog.
   736 | D:2      | Found a deep blue altar of Sif Muna.
   736 | D:2      | Noticed a two-headed ogre
   739 | D:2      | Found a transporter.
  1248 | D:2      | Reached skill level 1 in Polearms
  1293 | D:2      | Reached XP level 3. HP: 30/30 MP: 3/3
  1333 | D:2      | Found a transporter.
  1744 | D:2      | Reached skill level 2 in Polearms
  2048 | D:3      | Reached skill level 3 in Polearms
  2048 | D:3      | Reached XP level 4. HP: 31/37 MP: 4/4
  2678 | D:3      | Reached skill level 4 in Polearms
  2745 | D:4      | Noticed an ogre
  2755 | D:4      | Reached XP level 5. HP: 32/42 MP: 5/5
  2758 | D:4      | Gained mutation: You are agile. (Dex +2) [potion of mutation]
  2758 | D:4      | Gained mutation: You have a pair of small horns on your head. [potion of mutation]
  2758 | D:4      | Gained mutation: Your body sometimes deteriorates upon taking damage. [potion of mutation]
  2758 | D:4      | Gained mutation: Your movements are slightly less encumbered by armour. (ER -2) [potion of mutation]
  2760 | D:4      | Slain by an ogre

Skill      XL: |  1  2  3  4 |
---------------+-------------+-----
Stealth        | 1 2 |  2.5
Dodging        | 3 |  3.6
Polearms       | 1 3 4 |  4.4
Fighting       | |  3.9
Axes           | |  1.0
Staves         | |  1.0
Throwing       | |  1.0
Armour         | |  1.0
Evocations     | |  1.0

Action                   |  1- 3 |  4- 6 || total
-------------------------+-------+-------++-------
Melee: Spear             |   181 |    53 ||   234
  Use: Scroll            |     8 |     1 ||     9
       Potion            |       |     4 ||     4
 Stab: Sleeping          |     2 |       ||     2
  Eat: Chunk             |     4 |     2 ||     6
Armor: Ring mail         |    47 |     5 ||    52
       Skin              |       |    11 ||    11
Dodge: Dodged            |    85 |    14 ||    99
